 Dungeon Crawl Stone Soup version 0.32-a0-163-g159c032296 (webtiles) character file.

Game seed: 3200104821330594477

5450 Firecrotchwizard the Basher (level 10, -12/117 HPs)
             Began as an Oni Berserker on Feb 11, 2024.
             Was an Elder of Trog.
             Mangled by a hornet (15 damage)
             ... while paralysed by a hornet
             ... on level 9 of the Dungeon.
             The game lasted 00:17:45 (8825 turns).

Firecrotchwizard the Basher (Oni Berserker)         Turns: 8825, Time: 00:17:46

Health: -12/117    AC:  7    Str: 33    XL:     10   Next: 68%
Magic:  10/10      EV:  1    Int:  8    God:    Trog [****..]
Gold:   493        SH:  0    Dex:  8    Spells: 9/9 levels left

rFire   . . .        x - +1 giant club
rCold   . . .        (shield currently unavailable)
rNeg    . . .        y - +0 acid dragon scales
rPois   .            (helmet restricted)
rElec   .            m - scarf {+Inv}
rCorr   +            (gloves unavailable)
SInv    .            (boots unavailable)
Will    +....        (no amulet)
Stlth   +            q - +6 ring of strength
HPRegen 0.39/turn    (no ring)
MPRegen 0.12/turn

%: no passive effects
@: paralysed, lethally poisoned (-12 -> -15), slowed
A: large, unfitting armour, horns 1, tough skin 1, double potion healing,
drunken brawling
a: Renounce Religion, Evoke Invisibility, Berserk, Trog's Hand, Brothers in Arms


You were on level 9 of the Dungeon.
You worshipped Trog.
Trog was greatly pleased with you.
You visited 1 branch of the dungeon, and saw 9 of its levels.
You also visited: Sewer.

You collected 493 gold pieces.

Inventory:

Hand Weapons
 a - a +0 mace
 f - a +2 mace of protection
 v - the +3 whip "Arrupp" {antimagic, Will+ Dex+3}
   (You found it on level 4 of the Dungeon)

   Dex+3:     It affects your dexterity (+3).
   Will+:     It increases your willpower.
 x - a +1 giant club (weapon)
Missiles
 e - 18 poisoned darts (quivered)
Armour
 b - a +0 animal skin
 m - a scarf of invisibility (worn)
 p - a +0 troll leather armour {Pargi}
 y - +0 acid dragon scales (worn)
Jewellery
 h - a +6 ring of intelligence
 q - a +6 ring of strength (left hand)
 r - a ring of fire
Wands
 k - a wand of paralysis (7)
 A - a wand of acid (5)
Scrolls
 d - a scroll of silence
 g - 4 scrolls of blinking
 i - a scroll of identify
 t - 2 scrolls of teleportation
 z - a scroll of poison
Potions
 c - 5 potions of berserk rage
 j - 2 potions of lignification
 n - 2 potions of cancellation
 o - a potion of magic
 s - a potion of mutation
 w - a potion of attraction


   Skills:
 + Level 12.4 Fighting
 * Level 12.9 Maces & Flails
 - Level 2.6 Dodging


You had 9 spell levels left.
You didn't know any spells.
Your spell library was empty.

Dungeon Overview and Level Annotations

Branches:
Dungeon (9/15)             Temple (0/1) D:6            Lair (0/5) D:8
  Sewer (visited)
    Orc: D:9-12

Altars:
Ashenzari
Elyvilon
Hepliaklqana
Kikubaaqudgha
Okawaru
Qazlal
Uskayaw
Wu Jian
Yredelemnul
Zin

Annotations:
D:8 1 runed translucent door


Innate Abilities, Weirdness & Mutations

You are too large for most types of armour.
You have a pair of small horns on your head.
You have tough skin. (AC +1)
You gain doubled healing and magic from potions.
Whenever you drink a healing potion, you attack all around you.


Message History

The hornet is almost dead.
You feel yourself speed up.
You feel very sick. The hornet stings you!
You feel yourself slow down. The hornet closely misses you.
You closely miss the hornet. Your headbutt misses the hornet.
The hornet is almost dead.
You feel very sick. The hornet stings you!
You feel as though you will be slow longer.
The hornet stings you!
You feel as though you will be slow longer.
You closely miss the hornet.
The hornet is almost dead.
You feel very sick.
The hornet stings you but does no damage.
The hornet closely misses you. The hornet stings you!
* * * LOW HITPOINT WARNING * * *
You feel as though you will be slow longer.
You are too injured to fight recklessly!
You are too injured to fight recklessly!
Unknown command.
You are too injured to fight recklessly!
You barely miss the hornet.
The hornet is almost dead.
You feel sick. The hornet stings you.
* * * LOW HITPOINT WARNING * * *
You feel as though you will be slow longer.
The hornet barely misses you.
You closely miss the hornet.
The hornet is almost dead.
You feel sick. The hornet stings you!
* * * LOW HITPOINT WARNING * * *
You feel as though you will be slow longer.
The hornet closely misses you.
You closely miss the hornet.
The hornet is almost dead.
You feel sick. The hornet barely misses you. x2
Unknown command.
You hit the hornet but do no damage. Your headbutt misses the hornet.
The hornet is almost dead.
You feel sick.
You are no longer poisoned.
The hornet closely misses you. The hornet stings you!
* * * LOW HITPOINT WARNING * * *
You are poisoned.
You feel as though you will be slow longer.
You take a swig of the potion and twirl your +1 giant club.
You closely miss the hornet.
The hornet is severely wounded.
You savour every drop.
You feel better. The hornet stings you!
* * * LOW HITPOINT WARNING * * *
You are poisoned.
You suddenly lose the ability to move!
The hornet stings you!
* * * LOW HITPOINT WARNING * * *
You are more poisoned.
You feel as though you will be slow longer.
* * * LOW HITPOINT WARNING * * *
You feel very sick. The hornet stings you!
* * * LOW HITPOINT WARNING * * *
You shrug off the repeated paralysis!
The hornet stings you.
* * * LOW HITPOINT WARNING * * *
You feel as though you will be slow longer.
You can move again.
You take a swig of the potion and twirl your +1 giant club.
You miss the hornet.
The hornet is severely wounded.
You savour every drop.
You feel much better.
You feel very sick. The hornet stings you.
* * * LOW HITPOINT WARNING * * *
You feel as though you will be slow longer.
The hornet barely misses you.
You miss the hornet.
The hornet is severely wounded.
You feel very sick. The hornet stings you!
* * * LOW HITPOINT WARNING * * *
You feel as though you will be slow longer.
The hornet stings you!
* * * LOW HITPOINT WARNING * * *
You shrug off the repeated paralysis!
You closely miss the hornet.
The hornet is severely wounded.
You feel sick.
The hornet stings you but does no damage.
The hornet barely misses you.
Unknown command.
You closely miss the hornet. You headbutt the hornet.
The hornet is almost dead.
You feel very sick.
The hornet stings you but does no damage.
The hornet stings you.
* * * LOW HITPOINT WARNING * * *
You suddenly lose the ability to move!
* * * LOW HITPOINT WARNING * * *
You feel sick. The hornet stings you!
You die...

...........#
#............#
#............#
#............#
#............#
#............#####
#c. ..........>...
#y# ########......
#@# #.##### #.#
#.# #.##########<#
#............#####
#..#########......
#..# #...... #..#
#.##### #(.# #.#
#..# #.#


You could see a hornet and a centaur.

Vanquished Creatures
  A manticore (D:8)
  Joseph (D:7)
  Maggie (D:7)
  A komodo dragon (D:8)
  Prince Ribbit (D:7)
  Grinder (D:3)
  Sigmund (D:5)
  A wyvern (D:8)
  3 steam dragons
  3 water moccasins
  3 orc warriors (D:7)
  Pargi (Sewer)
  An ice beast (D:7)
  An ogre (D:5)
  2 centaurs
  4 bullfrogs
  A gnoll sergeant (D:7)
  5 scorpions
  5 wights (D:8)
  5 killer bees (D:8)
  A howler monkey (D:8)
  A hound (D:6)
  2 jellies
  4 orc priests
  4 gnoll boudas
  A sleepcap (D:6)
  3 iguanas
  3 orc wizards
  10 adders
  23 gnolls
  A river rat (D:3)
  3 shadow imps
  A white imp (D:7)
  2 ufetubi (D:6)
  A ribbon worm (D:4)
  3 dart slugs
  22 orcs
  5 bats
  3 endoplasms
  3 giant cockroaches
  6 goblins
  7 hobgoblins
  9 jackals
  10 kobolds
  5 quokkas
  4 ball pythons
  8 frilled lizards
  A kobold zombie (D:8)
  9 rats
  A spectral hobgoblin (D:7)
198 creatures vanquished.

Notes
Turn   | Place    | Note
-------+----------+-------------------------------------------
     0 | D:1      | Firecrotchwizard the Oni Berserker began the quest for the
                  | Orb.
     0 | D:1      | Reached XP level 1. HP: 24/24 MP: 1/1
   170 | D:1      | Reached XP level 2. HP: 32/32 MP: 2/2
   227 | D:1      | Found a faded altar of an unknown god.
   626 | D:1      | Reached ** piety under Trog
   703 | D:2      | Reached XP level 3. HP: 36/40 MP: 3/3
  1067 | D:2      | Identified the +1 dagger "Lagrut" {venom, ^Fragile Str+4
                  | Dex+5}
  1508 | D:3      | Reached XP level 4. HP: 48/49 MP: 4/4
  1589 | D:3      | Reached skill level 5 in Fighting
  1598 | D:3      | Found a glowing drain.
  1622 | Sewer    | Entered a sewer
  1789 | Sewer    | Noticed Pargi
  1799 | Sewer    | Killed Pargi
  1800 | Sewer    | Reached skill level 5 in Maces & Flails
  1800 | Sewer    | Reached XP level 5. HP: 59/59 MP: 5/5
  1912 | D:3      | Noticed Grinder
  1916 | D:3      | Paralysed by Grinder for 4 turns
  1927 | D:3      | Killed Grinder
  1928 | D:3      | Reached XP level 6. HP: 68/68 MP: 6/6
  2346 | D:4      | Identified the +3 whip "Arrupp" {antimagic, Will+ Dex+3}
  2376 | D:4      | Reached *** piety under Trog
  2409 | D:4      | Reached XP level 7. HP: 76/76 MP: 2/7
  2996 | D:5      | Entered Level 5 of the Dungeon
  3472 | D:5      | Reached XP level 8. HP: 66/88 MP: 2/8
  3711 | D:5      | Noticed Sigmund
  3721 | D:5      | Killed Sigmund
  3852 | D:5      | Found a glowing silver altar of Zin.
  3855 | D:5      | Found an ancient bone altar of Kikubaaqudgha.
  3855 | D:5      | Found a broken altar of Ashenzari.
  3860 | D:5      | Found an ornate altar of the Wu Jian Council.
  4152 | D:5      | Reached **** piety under Trog
  4252 | D:6      | Found a staircase to the Ecumenical Temple.
  4466 | D:6      | Found a stormy altar of Qazlal.
  4624 | D:6      | Reached XP level 9. HP: 49/100 MP: 3/9
  4641 | D:6      | Reached skill level 10 in Maces & Flails
  4853 | D:7      | Reached skill level 10 in Fighting
  5193 | D:7      | Noticed Joseph
  5202 | D:7      | Killed Joseph
  5349 | D:7      | Noticed Maggie
  5369 | D:7      | Killed Maggie
  5421 | D:7      | Found a hazy altar of Hepliaklqana.
  5553 | D:7      | Noticed Prince Ribbit
  5564 | D:7      | Killed Prince Ribbit
  5565 | D:7      | Reached XP level 10. HP: 92/114 MP: 3/10
  5931 | D:8      | Found a white marble altar of Elyvilon.
  6004 | D:8      | Noticed a manticore
  6012 | D:8      | Killed a manticore
  6114 | D:8      | Found a runed translucent door.
  6195 | D:8      | Found a basalt altar of Yredelemnul.
  6851 | D:8      | Found a staircase to the Lair.
  8695 | D:9      | Found an iron altar of Okawaru.
  8723 | D:9      | Found a hide-covered altar of Uskayaw.
  8819 | D:9      | Paralysed by a hornet for 2 turns
  8824 | D:9      | HP: 4/117 [hornet (6)]
  8824 | D:9      | Paralysed by a hornet for 3 turns
  8825 | D:9      | Mangled by a hornet

Illustrated notes

Levels and vault maps discovered:
D:1:      scummos_arrival_hexagon, layout_basic,
          shapermc_ecumenical_altar_totnotflames
D:2:      layout_basic
D:3:      layout_basic, gup_sewer_entry_bowl, uniq_grinder
D:4:      nicolae_cairo_tiling_very_big, layout_basic,
          chequers_serial_rivers_large_b
D:5:      layout_loops_cross, grunt_temple_overflow_open, uniq_sigmund
D:6:      layout_gridville, kennysheep_mini_moat,
          minmay_temple_entry_sparse_star, amcnicky_mini_pool_small,
          minmay_misc_feat_cross
D:7:      layout_loops_ring, nicolae_hepliaklqana_monster_ancestors,
          kennysheep_pointless_box, uniq_maggie, uniq_prince_ribbit1,
          uniq_joseph
D:8:      layout_loops_ring, mainiacjoe_overflow_alcove_1,
          dk_yredelemnul_ordeal, david_lair_shrubbed, minmay_fountain_box
D:9:      layout_small_grid, mainiacjoe_overflow_cross_hatched,
          lemuel_doored_altar, old_standard_altar, nicolae_zen_rock_garden,
          uniq_maurice

Skill      XL: |  1  2  3  4  5  6  7  8  9 10 |
---------------+-------------------------------+-----
Maces & Flails | 4 5 6 7 9 11 12 | 12.9
Fighting       | 5 6 7 9 11 12 | 12.4
Dodging        | |  2.6

Action                     |  1- 3 |  4- 6 |  7- 9 | 10-12 || total
---------------------------+-------+-------+-------+-------++-------
  Melee: Mace              |    97 |    65 |       |       ||   162
         Headbutt          |    12 |     7 |    64 |    32 ||   115
         Whip              |       |    19 |   363 |    88 ||   470
         Punch             |       |       |     4 |     1 ||     5
         Giant club        |       |       |       |    58 ||    58
 Invoke: Berserk           |       |     2 |     3 |     3 ||     8
         Trog's Hand       |       |     1 |     1 |       ||     2
    Use: Scroll            |       |       |    12 |     9 ||    21
         Potion            |       |       |     1 |     2 ||     3
   Stab: Sleeping          |     1 |       |       |       ||     1
         Distracted        |       |       |     1 |       ||     1
 Armour: Animal skin       |    55 |    18 |       |       ||    73
         Troll leather arm |       |    54 |   192 |       ||   246
         Acid dragon scale |       |       |     7 |   131 ||   138
  Dodge: Dodged            |    55 |    60 |   112 |    72 ||   299

Table legend: (Time is in decaauts)
 A = Elapsed time spent in this place.
 B = Non-inter-level travel time spent in this place.
 C = Inter-level travel time spent in this place.
 D = Time resting spent in this place.
 E = Time spent auto-exploring this place.
 F = Levels seen in this place.
 G = Mean time per level.
                   A        B        C        D        E       F      G
               +--------+--------+--------+--------+--------+-----+--------+
         Total |   8755 |   8516 |    239 |   2325 |   4852 |  10 |  875.5 |
       Dungeon |   8485 |   8246 |    239 |   2197 |   4791 |   9 |  942.8 |
         Sewer |    269 |    269 |      0 |    127 |     61 |   1 |  269.0 |
               +--------+--------+--------+--------+--------+-----+--------+

Top non-repeatable levels by time:
     D:8: 2059 daAuts
     D:7: 1114 daAuts
     D:5: 1073 daAuts
     D:9: 861 daAuts
     D:4: 730 daAuts
     D:1: 705 daAuts
     D:3: 704 daAuts
     D:2: 663 daAuts
     D:6: 573 daAuts
   Sewer: 269 daAuts
